 Dungeon Crawl Stone Soup version 0.31-a0-963-ga325b2283a (webtiles) character file.

Game seed: 13196308863068265433

59 Xavori the Trooper (level 4, -4/35 HPs)
             Began as a Djinni Chaos Knight on Oct 25, 2023.
             Was a Plaything of Xom.
             Slain by a sun demon (16 damage)
             ... summoned by Xom
             ... on level 2 of the Dungeon.
             The game lasted 00:01:54 (2551 turns).

Xavori the Trooper (Djinni Chaos Knight)            Turns: 2551, Time: 00:01:55

Health: -4/35      AC:  6    Str:  8      XL:     4   Next: 22%
Gold:   110        EV: 12    Int: 13      God:    Xom [......] SH:  5 Dex: 14 (15)

rFire   + + .        a - +0 falchion (chaos)
rCold   + + .        (no shield)
rNeg    + . .        b - +2 leather armour
rPois   ∞            l - +0 helmet
rElec   .            (no cloak)
rCorr   +            (no gloves)
SInv    .            (boots unavailable)
Will    .....        h - amulet "Xyotaewe" {Reflect rC+++ rCorr Str-3 SH+5}
Stlth   +            e - ring of positive energy
HPRegen 0.25/turn    (no ring)
MPRegen 0.00/turn

%: reflection, clarity, infuse magic (-5 HP)
@: flying
A: sickness immunity, fire resistance 2, cold vulnerability 1, float, innate
caster, HP casting, extra vitality 1, clarity
a: Renounce Religion


You were on level 2 of the Dungeon.
You worshipped Xom.
You were a very special plaything of Xom.
You visited 1 branch of the dungeon, and saw 2 of its levels.

You collected 110 gold pieces.

Inventory:

Hand Weapons
 a - a +0 falchion of chaos (weapon)
Armour
 b - a +2 leather armour (worn)
 l - a +0 helmet (worn)
Jewellery
 e - a ring of positive energy (left hand)
 h - the amulet "Xyotaewe" (around neck) {Reflect rC+++ rCorr Str-3 SH+5}
   (You acquired it on level 1 of the Dungeon)

   [amulet of reflection]

   Reflect:   It reflects blocked missile attacks.
   Str-3:     It affects your strength (-3).
   rC+++:     It renders you almost immune to cold.
   rCorr:     It protects you from acid and corrosion.
   SH+5:      It affects your SH (+5).
 j - a +6 ring of strength
Scrolls
 c - a scroll of butterflies
 f - a scroll of blinking
 i - 2 scrolls of identify
Potions
 d - a potion of degeneration {unknown}
 g - 2 potions of heal wounds {unknown}
 k - a potion of curing {unknown}


   Skills:
 + Level 3.3 Fighting
 + Level 3.0 Long Blades
 + Level 1.7 Armour
 + Level 2.7 Dodging
 * Level 1.1 Spellcasting
 * Level 1.1 Conjurations
 * Level 1.1 Hexes
   Level 0.0 Charms
 * Level 1.1 Summonings
 * Level 1.1 Necromancy
 * Level 1.1 Translocations
 * Level 1.1 Transmutations
 * Level 1.1 Fire Magic
 * Level 1.1 Ice Magic
 * Level 1.1 Air Magic
 * Level 1.1 Earth Magic
 * Level 1.1 Poison Magic


You knew the following spells:

 Your Spells              Type           Power      Damage    Failure   Level
a - Shock                 Conj/Air       12%        1d3       26%         1
Your spell library was empty.

Dungeon Overview and Level Annotations

Branches:
Dungeon (2/15)

Altars:


Innate Abilities, Weirdness & Mutations

You are immune to sickness and miasma.
You are immune to poison.
Your flesh is very heat resistant. (rF++)
You are vulnerable to cold. (rC-)
You float through the air rather than walking.
You learn spells naturally, not from books.
Your magical power is your life essence.
You have superior vitality. (+4 MHP)
You possess an exceptional clarity of mind.


Message History

The ball python bites you but does no damage.
The ball python constricts you.
You hit the ball python. You drain the ball python.
You kill the ball python!
No target in view!
Unknown command.
No target in view!
Search for what [? for help]? armor You swap places.
You see here a +0 helmet.
l - a +0 helmet You start putting on your armour.
You continue putting on your +0 helmet. x4
You finish putting on your +0 helmet. "Let's see if it's strong enough to survive yet."
Your endoplasm zombie misses the sun demon.
There are monsters nearby!
You barely miss the shadow imp.
The sun demon hits your endoplasm zombie!!
Your endoplasm zombie is destroyed!
The shadow imp barely misses you.
There are monsters nearby!
You hit the shadow imp.
The shadow imp is moderately wounded.
The shadow imp completely misses you.
There are monsters nearby!
As you read the scroll labelled RIHU TYUTHRADE, it crumbles to dust.
It is a scroll of identify.
f - a scroll of blinking The shadow imp hits you but does no damage.
The sun demon hits you!
You emit a cloud of colourful smoke!
You are engulfed in flames.
You resist.
The shadow imp laughs crazily.
The shadow imp attacks as it pursues you!
The shadow imp hits you. The shadow imp gestures at you.
You barely resist.
The sun demon attacks as it pursues you!
The sun demon hits you!
You die...

.#..................#
.#..................#
.####...†...........#
.....>..............#
######..............#
#..............#
#..............#
#..............#
#........53@...#
#........§5§...#
#........§.§...#
################


You could see a sun demon (summoned) and 2 shadow imps.

Vanquished Creatures
  An adder (D:2)
  A worm (D:2)
  A dart slug (D:1)
  4 endoplasms
  3 giant cockroaches
  3 goblins
  5 hobgoblins
  5 kobolds
  2 quokkas (D:1)
  8 ball pythons
  3 bats (D:1)
  A frilled lizard (D:1)
  5 rats
42 creatures vanquished.

Vanquished Creatures (collateral kills)
  An endoplasm (D:2)
1 creature vanquished.

Vanquished Creatures (others)
  An endoplasm zombie (D:2)
1 creature vanquished.

Grand Total: 44 creatures vanquished

Notes
Turn   | Place    | Note
-------+----------+-------------------------------------------
     0 | D:1      | Xavori the Djinni Chaos Knight began the quest for the Orb.
     0 | D:1      | Reached XP level 1. HP: 20/20 MP: 0/0
   101 | D:1      | Reached XP level 2. HP: 25/25 MP: 0/0
   196 | D:1      | XOM: potion effect (attraction)
   348 | D:1      | XOM is BORED!
   348 | D:1      | XOM: silly message
   377 | D:1      | Reached XP level 3. HP: 30/30 MP: 0/0
   377 | D:1      | Learned a level 1 spell: Shock
   770 | D:1      | XOM: torment (18/30 hp)
   859 | D:1      | XOM is BORED!
  1034 | D:1      | XOM: stat loss: -1 Dex (13/14)
  1479 | D:1      | XOM: give mutations
  1479 | D:1      | Gained mutation: You possess an exceptional clarity of
                  | mind. [Xom's grace]
  2205 | D:1      | XOM: god gift: scroll labelled DETANE WOFAT {god gift}
  2209 | D:1      | Identified a scroll of acquirement
  2209 | D:1      | Acquired the amulet "Xyotaewe" {Reflect rC+++ rCorr Str-3
                  | SH+5}
  2233 | D:2      | Reached skill level 1 in Spellcasting
  2233 | D:2      | Reached skill level 1 in Conjurations
  2233 | D:2      | Reached skill level 1 in Hexes
  2233 | D:2      | Reached skill level 1 in Summonings
  2233 | D:2      | Reached skill level 1 in Necromancy
  2233 | D:2      | Reached skill level 1 in Translocations
  2233 | D:2      | Reached skill level 1 in Transmutations
  2233 | D:2      | Reached skill level 1 in Fire Magic
  2233 | D:2      | Reached skill level 1 in Ice Magic
  2233 | D:2      | Reached skill level 1 in Air Magic
  2233 | D:2      | Reached skill level 1 in Earth Magic
  2233 | D:2      | Reached skill level 1 in Poison Magic
  2328 | D:2      | Reached XP level 4. HP: 34/35 MP: 0/0
  2504 | D:2      | XOM: torment (21/35 hp)
  2547 | D:2      | XOM: summons 3 hostile demons
  2548 | D:2      | Noticed a sun demon
  2550 | D:2      | XOM: smoke on damage
  2551 | D:2      | Slain by a sun demon

Illustrated notes

Levels and vault maps discovered:
D:1:      ldierk_walled_garden, layout_loops_ring, st_stairs_4,
          hangedman_decor_slide_cut
D:2:      layout_basic

Skill      XL: |  1  2  3 |
---------------+----------+-----
Long Blades    | 3 |  3.0
Spellcasting   | 1 |  1.1
Conjurations   | 1 |  1.1
Hexes          | 1 |  1.1
Summonings     | 1 |  1.1
Necromancy     | 1 |  1.1
Translocations | 1 |  1.1
Transmutations | 1 |  1.1
Fire Magic     | 1 |  1.1
Ice Magic      | 1 |  1.1
Air Magic      | 1 |  1.1
Earth Magic    | 1 |  1.1
Poison Magic   | 1 |  1.1
Fighting       | |  3.3
Armour         | |  1.7
Dodging        | |  2.7

Action                     |  1- 3 |  4- 6 || total
---------------------------+-------+-------++-------
  Melee: Falchion          |   100 |    26 ||   126
         Punch             |     1 |     1 ||     2
    Use: Scroll            |     1 |     1 ||     2
   Stab: Sleeping          |     1 |       ||     1
 Armour: Leather armour    |    68 |    13 ||    81
  Dodge: Dodged            |    81 |    16 ||    97
  Block: Other             |     6 |     7 ||    13

Table legend: (Time is in decaauts)
 A = Elapsed time spent in this place.
 B = Non-inter-level travel time spent in this place.
 C = Inter-level travel time spent in this place.
 D = Time resting spent in this place.
 E = Time spent auto-exploring this place.
 F = Levels seen in this place.
 G = Mean time per level.
                   A        B        C        D        E       F      G
               +--------+--------+--------+--------+--------+-----+--------+
         Total |   2570 |   2511 |     59 |   1491 |    705 |   2 | 1285.0 |
       Dungeon |   2570 |   2511 |     59 |   1491 |    705 |   2 | 1285.0 |
               +--------+--------+--------+--------+--------+-----+--------+

Top non-repeatable levels by time:
     D:1: 2227 daAuts
     D:2: 342 daAuts
